 Dungeon Crawl Stone Soup version 0.30-a0-719-gcc4359ea44 (webtiles) character file.

Game seed: 14840639829055044223

772 M4edhros the Cudgeller (level 7, 0/44 HPs)
             Began as an Octopode Transmuter on Jan 26, 2023.
             Slain by an orc wizard
             ... wielding a +4 dagger
              (6 damage)
             ... on level 5 of the Dungeon.
             The game lasted 00:09:58 (2507 turns).

M4edhros the Cudgeller (Octopode Transmuter)        Turns: 2507, Time: 00:09:59

Health: 0/44       AC:  1    Str:  6 (9)  XL:     7   Next: 83%
Magic:  10/10      EV: 13    Int: 13 (16) God:
Gold:   148        SH:  0    Dex: 12 (14) Spells: 2/10 levels left

rFire   . . .      SeeInvis .    e - +1 flail (protect)
rCold   . . .      Faith    .    (no shield)
rNeg    . . .      Spirit   .    (helmet restricted)
rPois   .          Reflect  .    (no amulet)
rElec   .          Harm     .    j - ring of wizardry
rCorr   .          Rampage  .    p - ring of willpower
Will    +....                    (no ring)
Stlth   ++                       (no ring)
HPRegen 0.27/turn                (no ring)
MPRegen 0.12/turn                (no ring)
                                 (no ring)
                                 (no ring)

@: lethally poisoned (0 -> -3)
A: almost no armour, amphibious, 8 rings, camouflage 1, gelatinous body 1,
(nimble swimmer 1), tentacles
a: no special abilities


You were on level 5 of the Dungeon.
You visited 1 branch of the dungeon, and saw 5 of its levels.
You also visited: Sewer.

You collected 148 gold pieces.

Inventory:

Hand Weapons
 e - a +1 flail of protection (weapon)
Magical Staves
 b - a staff of cold
Jewellery
 j - a ring of wizardry (left tentacle)
 p - a ring of willpower (right tentacle)
Wands
 a - a wand of light (2)
 g - a wand of digging (6)
 u - a wand of polymorph (6)
Scrolls
 f - a scroll of enchant weapon {unknown}
 h - a scroll of blinking {unknown}
 i - 3 scrolls of fog {unknown}
 k - a scroll of enchant armour {unknown}
 l - 4 scrolls of identify {unknown}
 n - a scroll of poison {unknown}
 o - a scroll of immolation {unknown}
 q - a scroll of magic mapping {unknown}
Potions
 c - a potion of magic
 d - a potion of haste
 m - 2 potions of degeneration
 r - a potion of mutation {unknown}
 s - 2 potions of flight {unknown}
 t - a potion of curing {unknown}


   Skills:
 - Level 1.8 Fighting
 - Level 6.1 Maces & Flails
 - Level 0.2(3.7) Staves
 - Level 2.3 Dodging
 * Level 4.7 Unarmed Combat
 - Level 2.0 Spellcasting
 - Level 2.0 Transmutations
 * Level 3.1 Ice Magic


You had 2 spell levels left.
You knew the following spells:

 Your Spells              Type           Power      Damage    Failure   Level
a - Beastly Appendage     Tmut           12%        N/A       4%          1
b - Frozen Ramparts       Ice            18%        1d3       9%          3
c - Ice Form              Ice/Tmut       8%         N/A       32%         4

Your spell library contained the following spells:

 Spells                   Type           Power      Damage    Failure   Level
 Freeze                   Ice            36%        1d5       2%          1
 Wereblood                Tmut           6%         N/A       7%          2
 Hailstorm                Conj/Ice       5%         3d4       16%         3
 Spider Form              Tmut/Pois      3%         N/A       21%         3
 Vhi's Electric Charge    Tloc/Air       2%         N/A       28%         3
 Arcjolt                  Conj/Air       0%         1d10      93%         5
 Maxwell's Capacitive Co  Air            0%         ∞         100%        8


Dungeon Overview and Level Annotations

Branches:
Dungeon (5/15)              Sewer (visited)
 Temple: D:4-7

Altars:
Ashenzari
Dithmenos
Kikubaaqudgha
Sif Muna

Annotations:
D:5 Pikel


Innate Abilities, Weirdness & Mutations

You cannot wear most types of armour.
You are amphibious.
You can wear up to eight rings at the same time.
Your skin changes colour to match your surroundings (Stealth+).
Your rubbery body absorbs attacks. (AC +1, EV +1)
((You are camouflaged when in or above water. (Stealth+)))
You have tentacles for arms and can constrict up to eight enemies at once.


Message History

The orc wizard casts a spell at you. The magic dart hits you.
Something hits you but does no damage.
You barely miss the orc wizard. Your grab misses the orc wizard.
The orc wizard casts a spell.
The orc wizard flickers and vanishes!
Something hits you.
You barely miss something. Something completely misses you.
You hear some strange, mumbled words.
A puff of flame appears from out of thin air!
The puff of flame hits you!
Aiming: Polymorph
Press: ? - help, Shift-Dir - straight line, f - you An adder appears out of thin air!
Reactivating autopickup.
Something hits you!
Deactivating autopickup; reactivate with Ctrl-A.
The adder barely misses you.
Aiming: Polymorph
Press: ? - help, Shift-Dir - straight line, f - adder
Aim: an adder (will become a jelly, a bat, or a ball python, chance to affect: 57%) Nothing appears to happen.
Something hits you. The adder misses you.
Aiming: Polymorph
Press: ? - help, Shift-Dir - straight line, f - adder
Aim: an adder (will become a jelly, a bat, or a ball python, chance to affect: 57%) Nothing appears to happen.
The adder closely misses you. Something hits you.
You closely miss the adder. You grab the adder. You squeeze the adder!
The adder is severely wounded.
You constrict the adder. The adder bites you.
* * * LOW HITPOINT WARNING * * *
You are poisoned.
The adder poisons you! Something hits you.
* * * LOW HITPOINT WARNING * * *
The adder barely misses you.
It was a potion of degeneration.
There was something very wrong with that liquid.
You feel weakened.
You feel dopey.
You feel clumsy.
You constrict the adder.
You kill the adder!
The orc wizard returns to its original shape as it dies.
You feel sick. Something hits you.
You die...

#.....# ...#._.#
#..#### #...##
###..# ####'#
#....## #.#
#.....#### #..
#........# ##.
#....###.. #.
#....# .. #.
..<...+...@# .
.##. .S....#..{)#
...#
.o....#......o....
##.# .....
####.......o #..
..... #).......
##. .... #......$.
#. #### #....####
## ###### ####
#...


There were no monsters in sight!

Vanquished Creatures
  Grinder (D:3)
  A black bear (D:4)
  A lemure (D:5)
  A scorpion (D:5)
  2 hounds
  A jelly (D:5)
  Jessica (D:2)
  An orc wizard (D:5)
  3 iguanas (D:5)
  Natasha (D:3)
  Terence (D:3)
  7 adders
  2 river rats (Sewer)
  3 worms (D:3)
  2 dart slugs
  16 orcs
  4 bats
  3 endoplasms
  2 giant cockroaches (D:1)
  5 goblins
  A hobgoblin (D:1)
  3 jackals (D:1)
  A quokka (D:3)
  5 ball pythons
  7 frilled lizards
  6 kobolds
  8 rats
89 creatures vanquished.

Notes
Turn   | Place    | Note
-------+----------+-------------------------------------------
     0 | D:1      | M4edhros the Octopode Transmuter began the quest for the
                  | Orb.
     0 | D:1      | Reached XP level 1. HP: 13/13 MP: 3/3
    79 | D:1      | Reached XP level 2. HP: 15/18 MP: 5/5
   628 | D:2      | Reached skill level 1 in Maces & Flails
   628 | D:2      | Reached XP level 3. HP: 6/23 MP: 6/6
   797 | D:2      | Noticed Jessica
   804 | D:2      | Killed Jessica
   805 | D:2      | Reached skill level 2 in Maces & Flails
   805 | D:2      | Reached XP level 4. HP: 12/28 MP: 7/7
   978 | D:3      | Noticed Terence
   985 | D:3      | Killed Terence
   986 | D:3      | Reached skill level 3 in Maces & Flails
  1039 | D:3      | Found a faded altar of an unknown god.
  1241 | D:3      | Found a faded altar of an unknown god.
  1244 | D:3      | Found a shadowy altar of Dithmenos.
  1254 | D:3      | Noticed Grinder
  1268 | D:3      | Killed Grinder
  1269 | D:3      | Reached skill level 5 in Maces & Flails
  1269 | D:3      | Reached XP level 5. HP: 11/33 MP: 8/8
  1269 | D:3      | Reached XP level 6. HP: 13/38 MP: 9/9
  1343 | D:3      | Learned a level 3 spell: Frozen Ramparts
  1406 | D:3      | Noticed Natasha
  1414 | D:3      | Killed Natasha
  1437 | D:3      | Found a glowing drain.
  1493 | Sewer    | Entered a sewer
  1655 | Sewer    | Reached skill level 6 in Maces & Flails
  2101 | D:4      | Learned a level 4 spell: Ice Form
  2118 | D:4      | Reached XP level 7. HP: 24/43 MP: 3/10
  2125 | D:4      | Found a broken altar of Ashenzari.
  2215 | D:4      | Reached skill level 1 in Ice Magic
  2257 | D:5      | Entered Level 5 of the Dungeon
  2366 | D:5      | Found a shimmering blue altar of Sif Muna.
  2366 | D:5      | Found an ancient bone altar of Kikubaaqudgha.
  2465 | D:5      | Noticed Pikel
  2507 | D:5      | Slain by an orc wizard

Illustrated notes

Levels and vault maps discovered:
D:1:      dpeg_arrival_arbitrary_a, layout_basic
D:2:      layout_loops_ring, chequers_decorated_corner, uniq_sigmund,
          uniq_jessica
D:3:      layout_basic, nicolae_overflow_ecumenical_swirl,
          shapermc_ecumenical_altar_notcrosses, cheibrodos_sewer_entry_drain,
          st_stairs_1, uniq_terence, uniq_grinder, uniq_natasha
D:4:      minmay_goblin_kobold_castle, layout_cave_pods,
          evilmike_ruin_ashenzari, minmay_misc_feat_cross, uniq_edmund
D:5:      layout_basic, overflow_temple_1_default, lemuel_round_altar,
          mainiacjoe_overflow_divided_tiny, uniq_pikel

Skill      XL: |  1  2  3  4  5  6  7 |
---------------+----------------------+-----
Maces & Flails | 1 2 5 6 |  6.1
Ice Magic      | 3 |  3.1
Unarmed Combat | 4 |  4.7
Fighting       | |  1.8
Staves         | |  0.2
Dodging        | |  2.3
Spellcasting   | |  2.0
Transmutations | |  2.0

Action                     |  1- 3 |  4- 6 |  7- 9 || total
---------------------------+-------+-------+-------++-------
  Melee: Unarmed           |    29 |     9 |       ||    38
         Tentacles         |     9 |    16 |    31 ||    56
         Constrict         |    15 |    23 |    18 ||    56
         Flail             |    23 |    94 |    73 ||   190
         Staff             |     9 |       |       ||     9
         Punch             |     1 |     3 |       ||     4
         Kick              |       |       |     1 ||     1
   Cast: Beastly Appendage |       |    10 |     1 ||    11
  Evoke: Wand              |       |       |     3 ||     3
    Use: Potion            |     1 |     2 |     2 ||     5
   Stab: Sleeping          |     3 |     9 |     1 ||    13
 Armour: Skin              |    35 |    22 |    22 ||    79
  Dodge: Dodged            |    35 |    48 |    53 ||   136

Table legend: (Time is in decaauts)
 A = Elapsed time spent in this place.
 B = Non-inter-level travel time spent in this place.
 C = Inter-level travel time spent in this place.
 D = Time resting spent in this place.
 E = Time spent auto-exploring this place.
 F = Levels seen in this place.
 G = Mean time per level.
                   A        B        C        D        E       F      G
               +--------+--------+--------+--------+--------+-----+--------+
         Total |   2525 |   2352 |    173 |      9 |   1075 |   6 |  420.8 |
       Dungeon |   2103 |   1930 |    173 |      9 |    801 |   5 |  420.6 |
         Sewer |    422 |    422 |      0 |      0 |    274 |   1 |  422.0 |
               +--------+--------+--------+--------+--------+-----+--------+

Top non-repeatable levels by time:
     D:3: 608 daAuts
     D:1: 602 daAuts
   Sewer: 422 daAuts
     D:2: 385 daAuts
     D:5: 265 daAuts
     D:4: 241 daAuts
